 Dungeon Crawl Stone Soup version 0.23.0-3-gf3c87f2 (webtiles) character file.

Game seed: 4198141779648024193

125 xccam the Insei (level 5, -1/33 HPs)
             Began as an Octopode Transmuter on Feb 21, 2019.
             Killed from afar by an orc wizard (8 damage)
             ... with a magic dart
             ... on level 3 of the Dungeon.
             The game lasted 00:04:10 (1630 turns).

xccam the Insei (Octopode Transmuter)               Turns: 1630, Time: 00:04:12

Health: -1/33      AC:  1    Str: 10    XL:     5   Next: 9%
Magic:  6/8        EV: 13    Int: 21    God:
Gold:   125        SH:  0    Dex: 12    Spells: 5/8 levels left

rFire    . . .     SeeInvis .     - Unarmed
rCold    . . .     Gourm    .   (no shield)
rNeg     . . .     Faith    .   (helmet restricted)
rPois    .         Spirit   .   b - amulet of regeneration
rElec    .         Reflect  .   (no ring)
rCorr    .         Harm     .   (no ring)
MR       .....                  (no ring)
Stlth    ++........             (no ring)
HPRegen  0.51/turn              (no ring)
MPRegen  0.11/turn              (no ring)
                                (no ring)
                                (no ring)

@: confused, brilliant, lethally poisoned (-1 -> -15), appendage (expiring)
A: almost no armour, stealthy swim, amphibious, 8 rings, constrict 8, tentacle
spike 3, camouflage 1, gelatinous body 1
a: End Transformation


You were on level 3 of the Dungeon.
You were hungry.
One of your tentacles had a temporary spike.
You visited 1 branch of the dungeon, and saw 3 of its levels.

You collected 125 gold pieces.

Inventory:

Missiles
 a - 34 arrows
Armour
 k - a +0 buckler
Jewellery
 b - an amulet of regeneration (around mantle)
Wands
 l - a wand of flame (23)
 r - a wand of iceblast (3)
Scrolls
 d - a scroll of amnesia {unknown}
 e - 2 scrolls of immolation {unknown}
 f - 5 scrolls of identify {unknown}
 h - a scroll of fog {unknown}
 j - a scroll of blinking {unknown}
 m - a scroll of noise {unknown}
 p - a scroll of remove curse {unknown}
 s - a scroll of teleportation {unknown}
 t - a scroll of magic mapping {unknown}
Potions
 i - a potion of magic {unknown}
 n - a potion of might {unknown}
 o - a potion of lignification {unknown}
Comestibles
 c - 3 rations
 q - 3 chunks of flesh


   Skills:
 - Level 1.0 Fighting
 - Level 2.0 Dodging
 + Level 4.8 Unarmed Combat
 - Level 2.0 Spellcasting
 + Level 3.4 Transmutations


You had 5 spell levels left.
You knew the following spells:

 Your Spells              Type           Power        Failure   Level  Hunger
a - Beastly Appendage     Tmut           ####..       1%          1    #......
b - Sticks to Snakes      Tmut           ####....     1%          2    ##.....

Your spell library contained the following spells:

 Spells                   Type           Power        Failure   Level  Hunger
 Spider Form              Tmut/Pois      ###.......   2%          3    ###....
 Ice Form                 Ice/Tmut       ###.....     9%          4    #####..
 Blade Hands              Tmut           ####......   11%         5    ######.


Dungeon Overview and Level Annotations

Branches:
Dungeon (3/15)

Altars:
Makhleb


Innate Abilities, Weirdness & Mutations

You cannot wear most types of armour.
You are very stealthy in the water. (Stealth+)
You are amphibious.
You can wear up to eight rings at the same time.
You can use your tentacles to constrict eight enemies at once.
Your skin changes colour to match your surroundings (Stealth+).
Your rubbery body absorbs attacks. (AC +1, EV +1)
One of your tentacles bears a large vicious spike.


Message History

Are you sure you want to stumble around while confused and next to your adder?
Okay, then.
Are you sure you want to stumble around while confused and next to your adder?
You completely miss something.
Your tentacle spike misses something.
You feel sick. Something hits you.
You are more poisoned.
Unknown command.
Are you sure you want to stumble around while confused and next to your adder?
You feel sick. Something hits you.
* * * LOW HITPOINT WARNING * * *
You are lethally poisoned!
Unknown command.
It was a potion of brilliance.
You feel clever all of a sudden.
* * * LOW HITPOINT WARNING * * *
You feel sick.
You hear some strange, mumbled words.
A magic dart appears from out of thin air!
The magic dart hits you!
You die...

#.......####....)##.#.##
#.####### #.###.##.....
#.# #.# #.####... #.#
#.# #.# ####
######.####### #.. ..#
..............######. ##
.#.#####.#.......# .#
#.#...S)..###.#
#.#†..@{......
#.#.......####
#.........# ###.#######
#.# #.# ...


You could see a friendly adder.

Vanquished Creatures
  2 gnolls (D:2)
  3 adders
  2 oozes
  A leopard gecko (D:3)
  5 orcs (D:3)
  8 bats
  3 giant cockroaches
  6 goblins
  8 hobgoblins
  A quokka (D:2)
  A ball python (D:1)
  2 frilled lizards
  8 kobolds
  7 rats
57 creatures vanquished.

Vanquished Creatures (collateral kills)
  2 gnolls (D:2)
2 creatures vanquished.

Grand Total: 59 creatures vanquished

Notes
Turn   | Place    | Note
-------+----------+-------------------------------------------
     0 | D:1      | xccam the Octopode Transmuter began the quest for the Orb.
     0 | D:1      | Reached XP level 1. HP: 13/13 MP: 3/3
    32 | D:1      | Reached XP level 2. HP: 18/18 MP: 5/5
   356 | D:1      | Learned a level 2 spell: Sticks to Snakes
   793 | D:2      | Reached XP level 3. HP: 15/23 MP: 6/6
   794 | D:2      | Reached skill level 4 in Unarmed Combat
   828 | D:2      | Found a burning altar of Makhleb.
  1220 | D:2      | Reached XP level 4. HP: 25/28 MP: 7/7
  1582 | D:3      | Reached XP level 5. HP: 26/33 MP: 8/8
  1630 | D:3      | Killed from afar by an orc wizard

Skill      XL: |  1  2  3  4 |
---------------+-------------+-----
Unarmed Combat | 4 |  4.8
Transmutations | 3 |  3.4
Fighting       | |  1.0
Dodging        | |  2.0
Spellcasting   | |  2.0

Action                   |  1- 3 |  4- 6 || total
-------------------------+-------+-------++-------
Melee: Unarmed           |    83 |    57 ||   140
       Tentacles         |    11 |     7 ||    18
       Constrict         |    23 |    14 ||    37
       Punch             |     2 |     1 ||     3
       Kick              |       |     5 ||     5
 Cast: Sticks to Snakes  |     1 |     1 ||     2
       Beastly Appendage |       |     4 ||     4
  Use: Potion            |       |     1 ||     1
 Stab: Sleeping          |     3 |     1 ||     4
       Distracted        |     1 |       ||     1
  Eat: Chunk             |     1 |     1 ||     2
Armor: Skin              |     9 |     3 ||    12
Dodge: Dodged            |    54 |    31 ||    85
